AoeStats
← NuMa | JuanMan

Black Forest

508897904Analyzed
3v3 RM · 9d ago on Sep 24, 2026· 42m 11s· 6 players
Game mode
Random Map
Map size
Normal (6 player)
Population
200
Speed
Normal
Resources
Standard
Victory
Conquest
Starting age
Dark Age
Ending age
Imperial Age
RankedLock teamsTeams togetherTeam positionsShared explorationLock speedFull tech treeHidden civsTurbo modeCheats
Victory
Defeat
🇧🇷 Magyars · Brazil
1534
+6
🇦🇷 Varangians · Argentina
1494
+7
🇧🇷 Ethiopians · Brazil
1400
+10
🇨🇴 Celts · Colombia
1336
-9
🇨🇴 Burgundians · Colombia
1237
-7
🇨🇴 Romans · Colombia
1237
-7
Guido
10:01 Feudal Age
13:39 Castle Age
11:55 Double-Bit Axe
12:49 Town Watch
13:10 Horse Collar
14:33 Bow Saw
15:50 Wheelbarrow
16:19 Heavy Plow
22:52 Wheelbarrow
22:02 Loom
24:22 Gold Mining
28:23 Imperial Age
28:47 Hand Cart
30:06 Chemistry
30:08 Two-Man Saw
29:46 Gold Shaft Mining
29:02 Stone Mining
29:23 Squires
29:10 Arson
29:28 Scale Mail Armor
30:03 Forging
30:36 Siege Engineers
32:01 Conscription
32:17 Ballistics
31:35 Halberdier
32:48 Torsion Engines
34:16 Chain Mail Armor
36:06 Plate Mail Armor
37:24 Iron Casting
41:29 Blast Furnace
41:19 Heavy Scorpion
Voxer El Brazilian
6:38 Loom
8:54 Feudal Age
13:26 Fletching
19:17 Double-Bit Axe
21:44 Castle Age
20:06 Horse Collar
20:17 Gold Mining
22:34 Bodkin Arrow
23:40 Padded Archer Armor
23:56 Bow Saw
23:21 Crossbowman
32:02 Scale Barding Armor
34:02 Chain Barding Armor
34:31 Bloodlines
36:07 Wheelbarrow
35:33 Heavy Plow
39:28 Imperial Age
37:20 Corvinian Army
38:12 Gold Shaft Mining
37:27 Stone Mining
38:47 Thumb Ring
39:17 Leather Archer Armor
39:38 Heavy Cavalry Archer
40:43 Parthian Tactics
40:35 Bracer
41:02 Ballistics
42:08 Ring Archer Armor
42:37 Plate Barding Armor
42:35 Recurve Bow
42:59 Conscription
SP
0:28 Loom
11:32 Feudal Age
12:54 Double-Bit Axe
15:39 Castle Age
13:29 Horse Collar
17:00 Bow Saw
16:52 Heavy Plow
22:23 Wheelbarrow
23:19 Gold Mining
24:34 Stone Mining
25:30 Hand Cart
26:04 Treadmill Crane
30:08 Imperial Age
28:32 Masonry
29:30 Caravan
30:06 Ballistics
29:59 Scale Barding Armor
30:04 Bloodlines
29:55 Husbandry
30:31 Forging
31:23 Conscription
31:17 Siege Engineers
32:22 Chain Barding Armor
32:47 Iron Casting
33:43 Plate Barding Armor
33:03 Elite Jarl
35:19 Chemistry
34:27 Squires
35:10 Architecture
36:49 Blast Furnace
35:40 Fletching
36:03 Fortified Wall
36:19 Murder Holes
36:59 Herbal Medicine
37:32 Guilds
37:43 Padded Archer Armor
37:12 Light Cavalry
38:31 Hussar
39:08 Bodkin Arrow
Camo
6:23 Loom
9:06 Feudal Age
9:22 Man-at-Arms
11:42 Scale Mail Armor
14:30 Forging
14:12 Town Watch
16:11 Double-Bit Axe
20:59 Castle Age
18:42 Horse Collar
21:58 Chain Mail Armor
21:08 Long Swordsman
21:49 Squires
24:01 Wheelbarrow
25:23 Gold Mining
26:25 Caravan
28:57 Bow Saw
34:42 Imperial Age
36:08 Iron Casting
35:22 Legionary
37:10 Masonry
37:23 Ballistics
38:21 Blast Furnace
40:15 Conscription
41:41 Chemistry
[COL] Sagros
7:07 Loom
9:32 Feudal Age
10:01 Double-Bit Axe
12:11 Scale Barding Armor
15:47 Wheelbarrow
19:43 Castle Age
18:17 Forging
18:08 Horse Collar
18:21 Gold Mining
18:25 Man-at-Arms
18:51 Arson
20:52 Hand Cart
20:55 Bow Saw
27:00 Gold Shaft Mining
33:19 Imperial Age
31:59 Stone Mining
33:39 Onager
35:46 Siege Engineers
37:41 Chemistry
37:58 Scale Mail Armor
38:35 Iron Casting
37:57 Elite Woad Raider
38:58 Conscription
38:01 Elite Woad Raider
39:43 Chain Mail Armor
41:24 Blast Furnace
41:27 Plate Mail Armor
NuMa | JuanMan
5:25 Double-Bit Axe
9:58 Feudal Age
11:04 Bow Saw
10:49 Horse Collar
12:22 Wheelbarrow
12:20 Heavy Plow
14:33 Loom
17:22 Gold Mining
19:51 Castle Age
17:52 Stone Mining
19:33 Gold Shaft Mining
19:36 Stone Shaft Mining
19:50 Forging
19:41 Scale Mail Armor
20:48 Hand Cart
22:02 Two-Man Saw
24:03 Hand Cart
24:38 Crop Rotation
29:34 Imperial Age
27:12 Town Watch
28:35 Ballistics
28:25 Padded Archer Armor
29:29 Burgundian Vineyards
29:25 Pikeman
32:03 Chemistry
32:15 Chain Mail Armor
32:58 Fortified Wall
36:08 Scale Barding Armor
37:09 Iron Casting
37:39 Chain Barding Armor
39:38 Blast Furnace
39:16 Leather Archer Armor
39:42 Elite Coustillier
Connection lost

Rejoining the realm…

Still unreachable

The connection could not be restored.

Session expired

The server has moved on; the page needs a fresh start.